 Dungeon Crawl Stone Soup version 0.28.0-53-g5a82cb258f (webtiles) character file.

Game seed: 1375360313955975229

19882 issech the Basher (level 12, -3/106 HPs)
             Began as a Minotaur Monk on June 21, 2022.
             Was a High Priest of Hepliaklqana.
             Killed from afar by an efreet (10 damage)
             ... with a fireball
             ... on level 13 of the Dungeon.
             The game lasted 00:47:42 (15853 turns).

issech the Basher (Minotaur Monk)                  Turns: 15853, Time: 00:47:43

Health: -3/106     AC: 21    Str: 22    XL:     12   Next: 40%
Magic:  11/11      EV: 11    Int:  7    God:    Hepliaklqana [*****.]
Gold:   874        SH: 19    Dex: 24    Spells: 11/11 levels left

rFire   + . .      SeeInvis .   o - +8 flail of the Lair of Beasts {drain, rN+}
rCold   . . .      Faith    .   K - +0 kite shield
rNeg    + . .      Spirit   .   m - +2 chain mail {rF+}
rPois   .          Reflect  +   (helmet restricted)
rElec   .          Harm     .   c - +1 cloak
rCorr   .          Rampage  +   H - +0 pair of gloves
Will    .....                   q - +2 pair of boots {rampage}
Stlth   ..........              M - amulet of reflection
HPRegen 0.27/turn               i - +6 ring of strength
MPRegen 0.12/turn               X - +6 ring of dexterity

@: no status effects
A: reduced essence, horns 2, retaliatory headbutt, robust 1
a: Renounce Religion, Recall Ancestor, Ancestor Identity, Transference, Idealise


You were on level 13 of the Dungeon.
You worshipped Hepliaklqana.
Hepliaklqana was extremely pleased with you.
You visited 2 branches of the dungeon, and saw 14 of its levels.

You collected 874 gold pieces.

Inventory:

Hand Weapons
 o - the +8 flail of the Lair of Beasts (weapon) {drain, rN+}
   (You took it off a goblin on level 3 of the Dungeon)

   A truly terrible weapon, it drains the life of any living foe it strikes.
   rN:        It protects you from negative energy.
 P - a +7 halberd
Missiles
 a - a silver boomerang
 d - 5 javelins
 e - 288 stones
 l - 16 poisoned darts
 p - a curare-tipped dart
 r - 151 arrows
 s - 58 sling bullets
 t - 118 bolts
 G - 15 boomerangs (quivered)
Armour
 c - a +1 cloak (worn)
 m - a +2 chain mail of fire resistance (worn)
 q - a +2 pair of boots of rampaging (worn)
 H - a +0 pair of gloves (worn)
 K - a +0 kite shield (worn)
 W - a +0 plate armour
 Z - a +1 leather armour of cold resistance
Jewellery
 g - a ring of flight
 i - a +6 ring of strength (left hand)
 F - an amulet of the acrobat
 J - a ring of protection from cold
 M - an amulet of reflection (around neck)
 X - a +6 ring of dexterity (right hand)
Wands
 j - a wand of acid (5)
 n - a wand of flame (8)
 x - a wand of polymorph (17)
 I - a wand of paralysis (13)
 N - a wand of digging (8)
 Q - a wand of mindburst (10)
 V - a wand of iceblast (3)
Scrolls
 b - 2 scrolls of fog
 u - 4 scrolls of teleportation
 w - 3 scrolls of fear
 y - 2 scrolls of amnesia
 A - a scroll of silence
 C - a scroll of brand weapon
 E - 2 scrolls of enchant armour {unknown}
 L - 2 scrolls of immolation {unknown}
 R - a scroll of blinking {unknown}
 S - a scroll of torment {unknown}
 T - 5 scrolls of magic mapping {unknown}
 U - 2 scrolls of noise {unknown}
 Y - a scroll of enchant weapon
Potions
 f - a potion of ambrosia {unknown}
 h - 4 potions of mutation
 k - 3 potions of curing {unknown}
 v - a potion of berserk rage {unknown}
 z - a potion of magic {unknown}
 B - a potion of degeneration {unknown}
 D - 5 potions of heal wounds {unknown}
 O - 2 potions of lignification {unknown}


   Skills:
 + Level 10.2 Fighting
 + Level 6.2(11.0) Axes
 + Level 14.0(14.5) Maces & Flails
 + Level 1.1 Throwing
 + Level 10.9 Armour
 + Level 6.0 Dodging
 + Level 4.5 Stealth
 + Level 11.0 Shields


You had 11 spell levels left.
You didn't know any spells.
Your spell library contained the following spells:

 Spells                   Type           Power      Damage    Failure   Level
 Animate Skeleton         Necr           0%         N/A       99%         1
 Pain                     Necr           0%         1d4       99%         1
 Call Canine Familiar     Summ           0%         N/A       100%        3
 Ozocubu's Armour         Ice            0%         N/A       100%        3
 Portal Projectile        Hex/Tloc       0%         N/A       100%        3
 Vampiric Draining        Necr           0%         2d6       100%        3
 Leda's Liquefaction      Hex/Erth       0%         N/A       100%        4
 Alistair's Intoxication  Tmut/Pois      0%         N/A       100%        5
 Borgnjor's Vile Clutch   Necr/Erth      0%         N/A       100%        5
 Lee's Rapid Deconstruct  Erth           0%         3d5*      100%        5
 Metabolic Englaciation   Hex/Ice        0%         N/A       100%        5
 Conjure Ball Lightning   Conj/Air       0%         3x3d6     100%        6
 Eringya's Noxious Bog    Tmut/Pois      0%         N/A       100%        6
 Simulacrum               Ice/Necr       0%         N/A       100%        6
 Statue Form              Tmut/Erth      0%         N/A       100%        6
 Discord                  Hex            0%         N/A       100%        8
 Disjunction              Tloc           0%         N/A       100%        8


Dungeon Overview and Level Annotations

Branches:
Dungeon (13/15)            Temple (1/1) D:4            Lair (0/6) D:9
    Orc (0/2) D:9
 Vaults: D:13-14

Altars:
Ashenzari
Cheibriados
Dithmenos
Elyvilon
Fedhas
Gozag
Hepliaklqana
Kikubaaqudgha
Makhleb
Nemelex Xobeh
Okawaru
Qazlal
Ru
Sif Muna
Trog
Uskayaw
Vehumet
Wu Jian
Xom
Yredelemnul
Zin
The Shining One
Beogh

Shops:
D:8 *   D:9 =

Annotations:
D:13 exclusion: obsidian statue


Innate Abilities, Weirdness & Mutations

Your life essence is reduced to manifest your ancestor. (-10% HP)
You have a pair of horns on your head.
You reflexively headbutt those who attack you in melee.
You are robust. (+10% HP)


Message History

The fire elemental is lightly damaged.
The fire elemental hits you. The fire elemental burns you! You resist.
You block the fire elemental's attack. x2
You bludgeon the fire elemental!!
You destroy the fire elemental!
The fire elemental disappears in a puff of smoke!
The fire elemental completely misses you.
You block the fire elemental's attack.
The fire elemental disappears in a puff of smoke!
The efreet gestures at you.
The fireball explodes!
The fireball engulfs you!! You resist.
* * * LOW HITPOINT WARNING * * *
You hit the efreet.
You headbutt the efreet, but do no damage.
The efreet is lightly wounded.
The iron imp hits you.
* * * LOW HITPOINT WARNING * * *
The efreet gestures at you.
The fireball explodes!
The fireball engulfs you! You resist.
* * * LOW HITPOINT WARNING * * *
The fireball engulfs the efreet.
The efreet completely resists.
The fireball engulfs the iron imp.
The iron imp completely resists.
You hit the efreet.
The efreet is lightly wounded.
The iron imp barely misses you. The efreet hits you but does no damage.
You sock the efreet! You headbutt the efreet.
The efreet is heavily wounded.
You thump the efreet!
The efreet is almost dead.
The efreet gestures at you. The bolt of fire hits you. You resist.
* * * LOW HITPOINT WARNING * * *
The iron imp closely misses you.
Unknown command.
Okay, then.
It was a potion of mutation.
You feel extremely strange.
You feel robust. The efreet gestures at you.
The fireball explodes!
The fireball engulfs you! You resist.
You die...

########## .........# #
########.########### #.
#.#..........
###.#########....#######.
#............##..# ##' . #.
#............##..#### #.. #.#.#
#.................^.# #.. ##.#.#
#......R@...........# #..
#....###.......5...........# #..
##.....##.............#..#### #..
.......○#.............#..# #..
#.>......####......#..# #..
####..#°##### ########..# #..
#≈....#☼###############..#######.
#......○.........................
#≈.###.#°########################


You could see an efreet and an iron imp.

Vanquished Creatures
  3 boulder beetles
  5 two-headed ogres
  A wolf spider (D:12)
  2 gargoyles
  An unseen horror (D:12)
  2 komodo dragons
  A troll (D:12)
  5 slime creatures
  A shadow (D:11)
  Sigmund (D:2)
  11 yaks
  A wyvern (D:7)
  4 vampire mosquitoes (D:12)
  A steam dragon (D:8)
  An acid dragon (D:9)
  A water moccasin (D:6)
  4 orc warriors
  3 necrophages
  A centaur (D:9)
  A phantom (D:5)
  2 kobold brigands (D:9)
  3 bullfrogs
  A gnoll sergeant (D:10)
  3 scorpions
  A wyvern zombie (D:7)
  A water moccasin zombie (D:6)
  4 killer bees (D:9)
  11 wights
  A centaur zombie (D:7)
  A gnoll shaman (D:7)
  5 orc priests
  A hound (D:5)
  3 jellies
  3 iguanas
  Natasha (thrice) (D:2)
  4 orc wizards
  Terence (D:3)
  2 killer bee zombies
  Robin (D:3)
  A howler monkey zombie (D:9)
  5 gnolls
  5 adders
  2 white imps (D:6)
  An ufetubus (D:5)
  A worm (D:3)
  4 dart slugs
  19 orcs
  7 ball pythons
  9 endoplasms
  8 giant cockroaches
  10 goblins
  6 hobgoblins
  7 jackals
  15 kobolds
  6 quokkas
  4 bats
  2 frilled lizards
  4 rats
217 creatures vanquished.

Vanquished Creatures (collateral kills)
  A boulder beetle (D:12)
  A two-headed ogre (D:12)
  A cyclops (D:11)
  An unseen horror (D:11)
  A troll (D:12)
  3 slime creatures
  A wyvern (D:5)
  2 wraiths
  7 yaks
  4 vampire mosquitoes (D:12)
  A water moccasin (D:6)
  2 orc warriors
  A sky beast (D:8)
  2 centaurs (D:8)
  A phantom (D:5)
  A bullfrog (D:7)
  2 scorpions (D:9)
  8 killer bees (D:9)
  2 wights (D:8)
  A howler monkey (D:7)
  A bullfrog zombie (D:5)
  A hound (D:5)
  4 orc priests
  2 centaur skeletons (D:6)
  An iguana (D:5)
  An orc wizard (D:6)
  A killer bee zombie (D:9)
  3 gnolls
  An adder (D:6)
  A worm (D:4)
  18 orcs
  2 goblins
  3 kobolds
82 creatures vanquished.

Vanquished Creatures (others)
  A manticore (D:13)
  A large abomination (D:13)
  6 battlemagi
  A shadow imp (D:13)
  A white imp (D:13)
  An ufetubus (D:13)
  A kobold (D:9)
  22 fungi
  22 plants
56 creatures vanquished.

Grand Total: 355 creatures vanquished

Notes
Turn   | Place    | Note
-------+----------+-------------------------------------------
     0 | D:1      | issech the Minotaur Monk began the quest for the Orb.
     0 | D:1      | Reached XP level 1. HP: 19/19 MP: 0/0
   220 | D:1      | Reached XP level 2. HP: 24/27 MP: 1/1
   827 | D:2      | Reached XP level 3. HP: 33/33 MP: 2/2
   835 | D:2      | Noticed Natasha
   843 | D:2      | Killed Natasha
   882 | D:2      | Reached XP level 4. HP: 18/40 MP: 3/3
  1094 | D:2      | Noticed Natasha
  1106 | D:2      | Killed Natasha
  1107 | D:2      | Reached skill level 5 in Axes
  1241 | D:2      | Noticed Natasha
  1253 | D:2      | Killed Natasha
  1492 | D:2      | Noticed Sigmund
  1518 | D:2      | Reached XP level 5. HP: 19/47 MP: 4/4
  1940 | D:3      | Noticed a necrophage
  1990 | D:3      | Killed a necrophage
  1991 | D:3      | Reached skill level 1 in Shields
  2225 | D:3      | Noticed Terence
  2231 | D:3      | Identified the +8 flail of the Lair of Beasts {drain, rN+}
  2234 | D:3      | Killed Terence
  2235 | D:3      | Reached XP level 6. HP: 33/53 MP: 5/5
  2542 | D:2      | Found a faded altar of an unknown god.
  2602 | D:2      | Killed Sigmund
  2603 | D:2      | Reached skill level 5 in Fighting
  2603 | D:2      | Reached skill level 1 in Maces & Flails
  2603 | D:2      | Reached skill level 1 in Armour
  2603 | D:2      | Reached skill level 5 in Dodging
  3478 | D:3      | Noticed Robin
  3494 | D:3      | Killed Robin
  4041 | D:4      | Reached skill level 2 in Maces & Flails
  4041 | D:4      | Reached XP level 7. HP: 61/61 MP: 6/6
  4055 | D:4      | Found a staircase to the Ecumenical Temple.
  4098 | Temple   | Entered the Ecumenical Temple
  4327 | Temple   | Became a worshipper of Hepliaklqana the Forgotten
  4327 | Temple   | Reached * piety under Hepliaklqana
  4327 | Temple   | Reached ** piety under Hepliaklqana
  4328 | Temple   | Remembered your ancestor Ahhotep as a battlemage
  4899 | D:4      | Found a snail-covered altar of Cheibriados.
  4899 | D:4      | Found a shimmering blue altar of Sif Muna.
  4899 | D:4      | Found a white marble altar of Elyvilon.
  4899 | D:4      | Found an ancient bone altar of Kikubaaqudgha.
  4907 | D:4      | Found a shadowy altar of Dithmenos.
  4907 | D:4      | Found an iron altar of Okawaru.
  5487 | D:5      | Entered Level 5 of the Dungeon
  5490 | D:5      | Reached skill level 3 in Maces & Flails
  5511 | D:5      | Reached skill level 4 in Maces & Flails
  5618 | D:5      | Reached *** piety under Hepliaklqana
  5755 | D:5      | Reached skill level 5 in Maces & Flails
  5755 | D:5      | Noticed a wyvern
  5760 | D:5      | Killed a wyvern
  5761 | D:5      | Reached XP level 8. HP: 53/62 MP: 7/7
  5961 | D:5      | Reached skill level 6 in Maces & Flails
  6507 | D:6      | Reached skill level 7 in Maces & Flails
  7166 | D:6      | Reached skill level 8 in Maces & Flails
  7166 | D:6      | Reached skill level 5 in Armour
  7166 | D:6      | Reached XP level 9. HP: 19/70 MP: 8/8
  7899 | D:7      | Reached **** piety under Hepliaklqana
  7926 | D:7      | Reached skill level 9 in Maces & Flails
  8009 | D:7      | Noticed a komodo dragon
  8015 | D:7      | Killed a komodo dragon
  8016 | D:7      | Reached skill level 5 in Shields
  8421 | D:7      | Found a radiant altar of Vehumet.
  8557 | D:8      | Found an opulent altar of Gozag.
  8717 | D:8      | Reached skill level 10 in Maces & Flails
  8908 | D:8      | Reached XP level 10. HP: 77/77 MP: 9/9
  8911 | D:8      | Found Lokaemum's Assorted Antiques.
  9398 | D:9      | Found Cemib's Jewellery Shoppe.
  9852 | D:9      | Reached ***** piety under Hepliaklqana
  9952 | D:9      | Found a staircase to the Orcish Mines.
  9976 | D:9      | Reached skill level 11 in Maces & Flails
 10840 | D:9      | Found a transporter.
 10841 | D:9      | Found a transporter.
 10841 | D:9      | Noticed a boulder beetle
 11098 | D:9      | Found a bloodstained altar of Trog.
 11402 | D:9      | Found a staircase to the Lair.
 11541 | D:9      | Killed a boulder beetle
 11633 | D:10     | Entered Level 10 of the Dungeon
 11824 | D:10     | Reached XP level 11. HP: 26/85 MP: 10/10
 12329 | D:10     | Noticed a two-headed ogre
 12333 | D:10     | Killed a two-headed ogre
 12663 | D:11     | Reached skill level 12 in Maces & Flails
 13007 | D:11     | Noticed a boulder beetle
 13040 | D:11     | Killed a boulder beetle
 13153 | D:11     | Noticed a two-headed ogre
 13160 | D:11     | Killed a two-headed ogre
 13486 | D:11     | Noticed a two-headed ogre
 13493 | D:11     | Killed a two-headed ogre
 13494 | D:11     | Reached skill level 13 in Maces & Flails
 14147 | D:12     | Reached skill level 1 in Throwing
 14226 | D:12     | Noticed a wolf spider
 14237 | D:12     | Killed a wolf spider
 14238 | D:12     | Reached skill level 10 in Armour
 14469 | D:12     | Noticed a two-headed ogre
 14472 | D:12     | Noticed a boulder beetle
 14475 | D:12     | Killed a two-headed ogre
 14483 | D:12     | Killed a boulder beetle
 14484 | D:12     | Reached skill level 10 in Shields
 14484 | D:12     | Reached XP level 12. HP: 46/94 MP: 11/11
 14706 | D:12     | Noticed a two-headed ogre
 14772 | D:12     | Killed a two-headed ogre
 14776 | D:12     | Reached skill level 10 in Fighting
 15096 | D:12     | Found an iron altar of Okawaru.
 15413 | D:13     | Noticed a two-headed ogre
 15419 | D:13     | Killed a two-headed ogre
 15807 | D:13     | Noticed a boulder beetle
 15822 | D:13     | Killed a boulder beetle
 15822 | D:13     | Noticed a centaur warrior
 15823 | D:13     | Reached skill level 14 in Maces & Flails
 15853 | D:13     | Gained mutation: You are robust. (+10% HP) [potion of
                  | mutation]
 15853 | D:13     | Killed from afar by an efreet

Illustrated notes

Levels and vault maps discovered:
D:1:      amcnicky_arrival_feature_with_door, layout_loops_ring
D:2:      layout_basic, dreamdust_ecumenical_altar_hidden_monk_grotto,
          dk_noncrumbling_2, uniq_natasha, uniq_sigmund
D:3:      layout_basic, roderic_roman_lattice, minmay_increasing_density,
          uniq_robin, uniq_terence
D:4:      layout_layer_cave, minmay_overflow_temple_hex,
          minmay_temple_entry_water_ring, minmay_stone_trees_small,
          minmay_bisected
D:5:      layout_gridville
D:6:      layout_loops_corners
D:7:      layout_loops_ring, mainiacjoe_overflow_chevrons, st_stairs_9,
          serial_bayou_pond_a
D:8:      layout_basic, grunt_gozag_breadcrumbs, serial_shops,
          nicolae_diamond_shop
D:9:      gammafunk_boulding_lane, layout_irregular_city,
          trog_three_pillars_becter, grunt_lair_entry_orc_guard_hut,
          minmay_orc_entry_temple_small, serial_shops, shop, serial_rivers,
          chequers_serial_rivers_small_a, chequers_serial_rivers_small_b,
          chequers_serial_rivers_micro_a, chequers_serial_rivers_micro_b,
          chequers_serial_rivers_small_3
D:10:     hellmonk_destroyed_diamonds, layout_irregular_city
D:11:     layout_layer_cave
D:12:     layout_rooms, grunt_decor_one_mirror, okawaru_altar_gauntlet_db
D:13:     minmay_big_diamond_grid, layout_basic, hangedman_devilish_allure
Temple:   nicolae_temple_figure_eight

Skill      XL: |  1  2  3  4  5  6  7  8  9 10 11 12 |
---------------+-------------------------------------+-----
Axes           | 4 5 6 |  6.2
Dodging        | 4 5 6 |  6.0
Fighting       | 4 5 6 7 8 9 10 | 10.2
Stealth        | 2 3 4 |  4.5
Shields        | 1 2 3 5 8 10 11 | 11.0
Maces & Flails | 2 5 8 10 11 13 14 | 14.0
Armour         | 1 3 5 6 8 10 | 10.9
Throwing       | 1 |  1.1

Action                   |  1- 3 |  4- 6 |  7- 9 | 10-12 || total
-------------------------+-------+-------+-------+-------++-------
Melee: Hand axe          |    59 |    78 |       |       ||   137
       Headbutt          |    10 |    27 |    32 |    92 ||   161
       Flail             |       |    66 |   167 |   324 ||   557
Throw: Boomerang         |       |       |       |     5 ||     5
Invok: Ancestor Life: Ba |       |       |     1 |       ||     1
  Use: Scroll            |       |       |       |     7 ||     7
       Potion            |       |       |       |     5 ||     5
 Stab: Sleeping          |     1 |       |       |       ||     1
       Distracted        |       |       |     6 |     4 ||    10
Armor: Robe              |    17 |     6 |       |       ||    23
       Leather armour    |       |    14 |       |       ||    14
       Chain mail        |       |    15 |    31 |   102 ||   148
       Plate armour      |       |       |    31 |    38 ||    69
Dodge: Dodged            |    51 |    62 |    30 |    69 ||   212
Block: Kite shield       |     5 |    41 |   112 |   299 ||   457
       Reflection        |       |       |     7 |    13 ||    20
